 Dungeon Crawl Stone Soup version 0.21.1-1-g345015f (webtiles) character file.

289 wojtek the Chopper (level 6, 0/52 HPs)
             Began as a Minotaur Fighter on July 5, 2018.
             Was an Initiate of Okawaru.
             Splashed by Ijyb's acid (16 damage)
             ... on level 3 of the Dungeon.
             The game lasted 00:03:52 (2397 turns).

wojtek the Chopper (Minotaur Fighter)               Turns: 2397, Time: 00:03:54

Health: 0/52       AC:  2    Str: 22    XL:     6   Next: 9%
Magic:  6/6        EV:  7    Int:  5    God:    Okawaru [......]
Gold:   155        SH:  9    Dex: 10    Spells: 5/5 levels left

rFire    . . .     SeeInvis .   a - +0 war axe
rCold    . . .     Gourm    .   c - +0 shield
rNeg     . . .     Faith    .   b - +0 scale mail
rPois    .         Spirit   .   (helmet restricted)
rElec    .         Reflect  .   (no cloak)
rCorr    .         Harm     .   (no gloves)
MR       .....                  (no boots)
Stlth    ..........             (no amulet)
HPRegen  0.17/turn              (no ring)
MPRegen  0.10/turn              (no ring)

@: corroded
A: retaliatory headbutt, horns 2
a: Renounce Religion


You were on level 3 of the Dungeon.
You worshipped Okawaru.
Okawaru was noncommittal.
You were not hungry.

You visited 1 branch of the dungeon, and saw 3 of its levels.

You collected 155 gold pieces.

Inventory:

Hand Weapons
 a - a +0 war axe (weapon)
Armour
 b - a +0 scale mail (worn)
 c - a +0 shield (worn)
Jewellery
 p - a +6 ring of evasion {unknown}
Scrolls
 h - a scroll of teleportation {unknown}
 k - a scroll of enchant weapon {unknown}
 l - a scroll of blinking {unknown}
 o - a scroll of fog {unknown}
 s - 3 scrolls of remove curse {unknown}
 t - a scroll of immolation {unknown}
Potions
 d - 2 potions of might
 e - 5 potions of curing {unknown}
 i - a potion of mutation {unknown}
 j - a potion of cancellation {unknown}
 m - a potion of flight {unknown}
 n - a potion of resistance {unknown}
 q - 2 potions of brilliance {unknown}
 r - a potion of magic {unknown}
Comestibles
 f - 5 rations
 g - 8 chunks of flesh


   Skills:
 + Level 3.7 Fighting
 + Level 7.1 Axes
 + Level 3.6 Armour
 + Level 0.1 Dodging
 + Level 3.6 Shields
 * Level 2.0 Invocations


You had 5 spell levels left.
You didn't know any spells.

Dungeon Overview and Level Annotations

Branches:
Dungeon (3/15)

Altars:
Dithmenos
Hepliaklqana
Okawaru
Trog
Xom

Annotations:
D:3 Ijyb


Innate Abilities, Weirdness & Mutations

You reflexively headbutt those who attack you in melee.
You have a pair of horns on your head.


Message History

You hit Ijyb but do no damage.
Ijyb zaps a wand.
The bolt of acid hits you! The acid corrodes you!
You are splashed with acid!
The acid burns!
It is a wand of acid (9).
You are too injured to fight recklessly!
You are too injured to fight recklessly!
You are too injured to fight recklessly!
You slash Ijyb!
Ijyb is moderately wounded.
You block Ijyb's attack.
You hit Ijyb.
Ijyb is heavily wounded.
Ijyb zaps a wand.
The bolt of acid misses you.
You hit Ijyb but do no damage.
Ijyb is heavily wounded.
Ijyb hits you but does no damage.
You closely miss Ijyb.
Ijyb is heavily wounded.
Ijyb barely misses you.
Ijyb zaps a wand.
The bolt of acid hits you!
You are splashed with acid!
The acid burns!
You die...

..... .[.. #..## #...#
########.#.# .........#.# #######
...........######.......
...............(........
..).............@g......
........##.######.......
####.......# ....... #..####..##
......= #.## #...############
###.# ##...#.....).# ########
#...# ##..#^......# ##...>..##
..#########..........###........#
....#....##.###....####..........


You could see Ijyb.

Vanquished Creatures
  A jelly (D:3)
  An orc priest (D:3)
  Jessica (D:1)
  Robin (D:2)
  9 adders
  2 oozes
  2 dart slugs (D:1)
  A leopard gecko (D:2)
  2 orcs (D:3)
  4 giant cockroaches (D:2)
  17 goblins
  15 hobgoblins
  9 jackals
  A quokka (D:2)
  15 bats
  5 frilled lizards
  5 kobolds
  9 rats
100 creatures vanquished.

Notes
Turn   | Place    | Note
-------+----------+-------------------------------------------
     0 | D:1      | wojtek the Minotaur Fighter began the quest for the Orb.
     0 | D:1      | Reached XP level 1. HP: 19/19 MP: 0/0
    85 | D:1      | Reached skill level 3 in Axes
   178 | D:1      | Reached XP level 2. HP: 26/26 MP: 1/1
   315 | D:1      | Reached skill level 4 in Axes
   322 | D:1      | Reached XP level 3. HP: 22/31 MP: 2/2
  1016 | D:2      | Noticed Robin
  1016 | D:2      | Noticed Jessica
  1020 | D:1      | Killed Jessica
  1020 | D:1      | Reached skill level 5 in Axes
  1020 | D:1      | Reached XP level 4. HP: 39/39 MP: 3/3
  1294 | D:2      | Killed Robin
  1294 | D:2      | Reached skill level 6 in Axes
  1365 | D:2      | Reached XP level 5. HP: 32/45 MP: 4/4
  1988 | D:2      | Found a hazy altar of Hepliaklqana.
  2016 | D:2      | Found a bloodstained altar of Trog.
  2017 | D:2      | Found an iron altar of Okawaru.
  2022 | D:2      | Became a worshipper of Warmaster Okawaru
  2037 | D:3      | Found a shadowy altar of Dithmenos.
  2132 | D:3      | Reached skill level 7 in Axes
  2132 | D:3      | Reached skill level 1 in Invocations
  2141 | D:3      | Reached XP level 6. HP: 36/51 MP: 4/6
  2319 | D:3      | Found a shimmering altar of Xom.
  2389 | D:3      | Noticed Ijyb
  2397 | D:3      | Splashed by Ijyb's acid

Skill      XL: |  1  2  3  4  5 |
---------------+----------------+-----
Axes           | 3 4 5 6 7 |  7.1
Invocations    | 2 |  2.0
Fighting       | |  3.7
Armour         | |  3.6
Dodging        | |  0.1
Shields        | |  3.6

Action                   |  1- 3 |  4- 6 || total
-------------------------+-------+-------++-------
Melee: War axe           |    81 |   148 ||   229
       Headbutt          |    13 |     7 ||    20
  Eat: Chunk             |       |     5 ||     5
Armor: Scale mail        |    45 |    91 ||   136
Dodge: Dodged            |    23 |    69 ||    92
Block: Shield            |    47 |   100 ||   147
